 Dungeon Crawl Stone Soup version 0.17-a0-966-ge314e46 (webtiles) character file.

86 aurelian the Cudgeler (level 4, -2/28 HPs)
             Began as a Gargoyle Fighter on May 9, 2015.
             Slain by Espgualade's ghost (7 damage)
             ... on level 3 of the Dungeon.
             The game lasted 00:12:54 (2703 turns).

aurelian the Cudgeler (Gargoyle Fighter)            Turns: 2703, Time: 00:12:55

Health: -2/28      AC: 10    Str: 21    XL:     4   Next: 49%
Magic:  4/4        EV:  7    Int:  8    God:
Gold:   131        SH:  9    Dex:  9    Spells: 0 memorised, 3 levels left

rFire  . . .     SeeInvis .     a - +0 flail
rCold  . . .     Clarity  .     b - +0 scale mail
rNeg   + . .     SustAb   .     c - +0 shield
rPois  ∞         Gourm    .     (no helmet)
rElec  +         Spirit   .     (no cloak)
rCorr  .         Warding  .     (no gloves)
rMut   .         Stasis   .     (no boots)
MR     .....                    (no amulet)
Stlth  ..........               (no ring)
                                (no ring)

@: not resistant to hostile enchantments, extremely unstealthy
A: negative energy resistance 1, electricity resistance, unbreathing,
petrification resistance, rot immunity, AC +3
a: no special abilities


You were on level 3 of the Dungeon.
You were not hungry.

You visited 1 branch of the dungeon, and saw 3 of its levels.

You collected 131 gold pieces.

Inventory:

Hand weapons
 a - a +0 flail (weapon)
 l - a cursed -3 spear
 q - a +0 whip
 v - a +0 hunting sling
 B - a +2 dagger of draining
 C - a +0 mace
Missiles
 i - 12 poisoned needles
 k - 50 sling bullets (quivered)
 A - 3 tomahawks
Armour
 b - a +0 scale mail (worn)
 c - a +0 shield (worn)
Jewellery
 j - an uncursed amulet of faith {unknown}
 p - an uncursed ring of ice {unknown}
Scrolls
 h - a scroll of recharging {unknown}
 m - 2 scrolls of enchant armour {unknown}
 o - a scroll of remove curse {unknown}
 t - 2 scrolls of teleportation {unknown}
 u - a scroll of identify {unknown}
 x - a scroll of immolation {unknown}
 y - a scroll of noise {unknown}
Potions
 d - 3 potions of might
 f - a potion of degeneration {unknown}
 g - a potion of curing {unknown}
 r - a potion of flight {unknown}
 s - 2 potions of heal wounds {unknown}
Comestibles
 e - 4 bread rations
 w - a chunk of flesh
 z - 2 meat rations


   Skills:
 - Level 3.4 Fighting
 + Level 4.2 Maces & Flails
 - Level 3.5 Armour
 - Level 3.5 Shields


You had 3 spell levels left.
You didn't know any spells.

Dungeon Overview and Level Annotations

Branches:
Dungeon (3/15)

Altars:
Ashenzari

Annotations:
D:3 Espgualade's ghost, average TeIE


Innate Abilities, Weirdness & Mutations

You are resistant to torment.
Your stone body is resilient (AC +3).
You are immune to poison.
You resist negative energy.
You are resistant to electric shocks.
You can survive without breathing.
You are immune to petrification.
You are immune to rotting.


Message History

You closely miss Espgualade's ghost.
Espgualade's ghost points at you and mumbles some strange words.
The puff of frost misses you.
You closely miss Espgualade's ghost.
Espgualade's ghost hits you but does no damage.
Espgualade's ghost hits you.
You miss Espgualade's ghost.
Espgualade's ghost makes a sound of rattling chains.
You block Espgualade's ghost's attack.
You barely miss Espgualade's ghost. You block Espgualade's ghost's attack.
You hit Espgualade's ghost.
Espgualade's ghost is lightly damaged.
Espgualade's ghost hits you but does no damage.
You closely miss Espgualade's ghost.
Espgualade's ghost is lightly damaged.
Espgualade's ghost points at you and mumbles some strange words.
You are frozen.
* * * LOW HITPOINT WARNING * * *
Espgualade's ghost hits you!
You die...

### .##
####<#######...#
##.#...##.......##
#.......(.).......
#..#..(.#####...##
#.##...........##
#.##...#####..#
#.##.<.#
###@##...#
#.W.###.##
.W.....### ###
.#.####


You could see Espgualade's ghost.

Vanquished Creatures
  4 adders
  An ooze (D:2)
  A worm (D:2)
  5 bats
  2 giant cockroaches (D:1)
  3 hobgoblins
  3 jackals
  8 kobolds
  A giant gecko (D:1)
  7 giant newts
  5 goblins
  7 rats
47 creatures vanquished.

Notes
Turn   | Place    | Note
--------------------------------------------------------------
     0 | D:1      | aurelian, the Gargoyle Fighter, began the quest for the Orb.
     0 | D:1      | Reached XP level 1. HP: 14/14 MP: 1/1
   116 | D:1      | Reached XP level 2. HP: 16/19 MP: 2/2
   842 | D:1      | Reached XP level 3. HP: 21/23 MP: 3/3
  1374 | D:2      | Reached XP level 4. HP: 28/28 MP: 4/4
  1894 | D:2      | Reached skill level 4 in Maces & Flails
  2663 | D:2      | Found a shattered altar of Ashenzari.
  2690 | D:3      | Noticed Espgualade's ghost (average TeIE)
  2703 | D:3      | Slain by Espgualade's ghost

Action                   |  1- 3 |  4- 6 || total
-------------------------+-------+-------++-------
Melee: Flail             |   114 |    70 ||   184
 Fire: Hunting sling     |       |    12 ||    12
Throw: Stone             |     1 |       ||     1
  Eat: Chunk             |     2 |     3 ||     5
       Beef jerky        |       |     1 ||     1
